 Dungeon Sprint DCSS version 0.30-a0-272-gf98c3da03f (webtiles) character file.

Game seed: 8981812352670291856

81 rocky1 the Magician (level 4, 0/32 HPs)
             Began as a Djinni Fire Elementalist on Oct 15, 2022.
             Was a Believer of Makhleb.
             Slain by a wight
             ... wielding a +3 mace
              (9 damage)
             ... in the Dungeon (Sprint VII: "The Pits").
             The game lasted 00:03:07 (411 turns).

rocky1 the Magician (Djinni Fire Elementalist)       Turns: 411, Time: 00:03:07

Health: 0/32       AC:  2    Str:  7    XL:     4   Next: 67%
Gold:   0          EV: 13    Int: 18    God:    Makhleb [**....] SH:  0 Dex: 14

rFire   + + .      SeeInvis .    i - +2 falchion
rCold   x . .      Faith    .    (no shield)
rNeg    . . .      Spirit   .    a - +0 robe
rPois   ∞          Reflect  .    (no helmet)
rElec   .          Harm     .    (no cloak)
rCorr   .          Rampage  .    (no gloves)
Will    .....      NoTele   +    (boots unavailable)
Stlth   ++........               (no amulet)
HPRegen 0.25/turn                (no ring)
MPRegen 0.00/turn                (no ring)

@: flying, hasted, invisible, very quick
A: sickness immunity, fire resistance 2, cold vulnerability 1, float, innate
caster, HP casting, extra vitality 1
a: Renounce Religion, Minor Destruction


You were in the Dungeon.
You worshipped Makhleb.
Makhleb was pleased with you.
You visited 1 branch

Inventory:

Hand Weapons
 i - a +2 falchion (weapon)
Armour
 a - a +0 robe (worn)
Scrolls
 f - a scroll of blinking
 h - a scroll of summoning
Potions
 b - a potion of curing
 c - a potion of heal wounds
 e - 3 potions of berserk rage
 g - a potion of invisibility


   Skills:
 + Level 1.0 Fighting
 * Level 2.4 Long Blades
 + Level 4.1 Dodging
 + Level 2.5 Stealth
 + Level 5.5 Spellcasting


You couldn't memorise any spells.
You knew the following spells:

 Your Spells              Type           Power      Damage    Failure   Level
a - Foxfire               Conj/Fire      96%        2x1d8     1%          1
b - Scorch                Fire           48%        2d7       1%          2
c - Kindle Blastsparks    Fire/Tloc/Air  48%        2d14      4%          3
d - Inner Flame           Hex/Fire       24%        N/A       4%          3
e - Flame Wave            Conj/Fire      24%        2d8       13%         4
f - Apportation           Tloc           48%        N/A       1%          1
Your spell library was empty.

Dungeon Overview and Level Annotations

Branches:
Dungeon (1/1)

Altars:
Ashenzari
Cheibriados
Dithmenos
Elyvilon
Fedhas
Gozag
Hepliaklqana
Makhleb
Nemelex Xobeh
Okawaru
Qazlal
Ru
Trog
Uskayaw
Wu Jian
Xom
Yredelemnul
Zin
The Shining One
Jiyva
Lugonu


Innate Abilities, Weirdness & Mutations

You are immune to sickness and miasma.
You are immune to poison.
Your flesh is very heat resistant. (rF++)
You are vulnerable to cold. (rC-)
You float through the air rather than walking.
You learn spells naturally, not from books.
Your magical power is your life essence.
You have superior vitality. (+4 MHP)


Message History

Unknown command.
Casting: Scorch (safe; 3% risk of failure)
Confirm with . or Enter, or press ? or * to list all spells.
Flames lash the wight.
The wight is burned terribly!
You destroy the wight!
Makhleb accepts your kill.
Your Long Blades skill increases to level 2!
Your Dodging skill increases to level 4!
Your Spellcasting skill increases to level 5!
You have reached level 4!
You feel agile.
Casting: Scorch (safe; 1% risk of failure)
Confirm with . or Enter, or press ? or * to list all spells.
Flames lash the ufetubus.
The ufetubus is burned terribly!
You kill the ufetubus!
Makhleb accepts your kill.
You can now harness Makhleb's destructive might.
Your Fighting skill increases to level 1!
Casting: Scorch (safe; 1% risk of failure)
Confirm with . or Enter, or press ? or * to list all spells.
Flames lash the wight.
The wight is severely damaged.
The wight's fire resistance burns away.
Unknown command.
Casting: Scorch (safe; 1% risk of failure)
Confirm with . or Enter, or press ? or * to list all spells.
You don't know that spell.
Casting: Scorch (safe; 1% risk of failure)
Confirm with . or Enter, or press ? or * to list all spells.
Flames lash the wight.
The wight is burned terribly!
The wight is almost destroyed.
Unknown command.
Casting: Scorch (safe; 1% risk of failure)
Confirm with . or Enter, or press ? or * to list all spells.
Flames lash the wight.
The wight is burned terribly!
You destroy the wight!
Makhleb accepts your kill.
* * * LOW HITPOINT WARNING * * *
The wight hits you with a +3 mace!
You die...

############
#_________.#
#_________.#
#_______...###########
##########'##.........
#.?(!')))'.##......#..
##########.##.........
#....@z)....).........
#+#####÷#####......#..
#.....##.........
#####'#####'#####
#...).##.......#
#.....##.......#
###z####.......# .5g.
#...<...# ..z...g
#.......#


You could see a wight (unable to see you, combustible).

Vanquished Creatures
  2 wights (D)
  A gnoll (D)
  An adder (D)
  An ufetubus (D)
  An orc (D)
  2 jackals (D)
  A rat (D)
9 creatures vanquished.

Vanquished Creatures (others)
  17 foxfires (D)
17 creatures vanquished.

Grand Total: 26 creatures vanquished

Notes
Turn   | Place    | Note
-------+----------+-------------------------------------------
     0 | D        | rocky1 the Djinni Fire Elementalist began the quest for the
                  | Orb.
     0 | D        | rocky1 set off with the following spells memorised:
                  | Foxfire, Scorch, Kindle Blastsparks, Inner Flame, Flame
                  | Wave.
     0 | D        | Reached XP level 1. HP: 15/15 MP: 0/0
    17 | D        | Reached skill level 3 in Spellcasting
    17 | D        | Reached XP level 2. HP: 13/21 MP: 0/0
    22 | D        | Found a bloodstained altar of Trog.
    22 | D        | Found a viscous altar of Jiyva.
    22 | D        | Found a hazy altar of Hepliaklqana.
    22 | D        | Found an opulent altar of Gozag.
    23 | D        | Found a glowing golden altar of the Shining One.
    23 | D        | Found a glowing silver altar of Zin.
    23 | D        | Found a basalt altar of Yredelemnul.
    23 | D        | Found a shimmering altar of Xom.
    23 | D        | Found an ornate altar of the Wu Jian Council.
    23 | D        | Found a sacrificial altar of Ru.
    23 | D        | Found a stormy altar of Qazlal.
    23 | D        | Found an iron altar of Okawaru.
    23 | D        | Found a sparkling altar of Nemelex Xobeh.
    23 | D        | Found a burning altar of Makhleb.
    23 | D        | Found a blossoming altar of Fedhas.
    23 | D        | Found a white marble altar of Elyvilon.
    23 | D        | Found a shadowy altar of Dithmenos.
    23 | D        | Found a snail-covered altar of Cheibriados.
    26 | D        | Found a corrupted altar of Lugonu.
    27 | D        | Found a hide-covered altar of Uskayaw.
    27 | D        | Found a broken altar of Ashenzari.
    33 | D        | Became a worshipper of Makhleb the Destroyer
   100 | D        | Reached * piety under Makhleb
   101 | D        | Reached skill level 4 in Spellcasting
   101 | D        | Reached XP level 3. HP: 14/25 MP: 0/0
   101 | D        | Learned a level 1 spell: Apportation
   257 | D        | Reached skill level 1 in Long Blades
   394 | D        | Noticed a wight
   394 | D        | Noticed a wight
   394 | D        | Noticed a wight
   395 | D        | Noticed a wight
   395 | D        | Noticed a wight
   407 | D        | Killed a wight
   408 | D        | Reached skill level 5 in Spellcasting
   408 | D        | Reached XP level 4. HP: 16/31 MP: 0/0
   408 | D        | Reached ** piety under Makhleb
   409 | D        | Reached skill level 1 in Fighting
   411 | D        | Killed a wight
   411 | D        | Slain by a wight

Illustrated notes

Levels and vault maps discovered:
D:        pitsprint [storerooms_1, entrance_room_1, metal_vault_8, armoury_3,
          mini_pit_1, grid_room_1, main_hall_1, silver_pit, the_coven_1,
          the_vestibule_1, steel_vault_2, golden_pit, hallway_of_sentries,
          crystal_vault_4, iron_vault_3, final_vault]

Skill      XL: |  1  2  3  4 |
---------------+-------------+-----
Spellcasting   | 3 4 5 |  5.5
Stealth        | 2 |  2.5
Dodging        | 3 4 |  4.1
Long Blades    | 2 |  2.4
Fighting       | 1 |  1.0

Action                   |  1- 3 |  4- 6 || total
-------------------------+-------+-------++-------
Melee: Falchion          |     8 |       ||     8
 Cast: Foxfire           |    10 |       ||    10
       Scorch            |     3 |     4 ||     7
  Use: Potion            |     2 |       ||     2
Armor: Robe              |     2 |       ||     2
Dodge: Dodged            |    15 |       ||    15

Table legend: (Time is in decaauts)
 A = Elapsed time spent in this place.
 B = Non-inter-level travel time spent in this place.
 C = Inter-level travel time spent in this place.
 D = Time resting spent in this place.
 E = Time spent auto-exploring this place.
 F = Levels seen in this place.
 G = Mean time per level.
                   A        B        C        D        E       F      G
               +--------+--------+--------+--------+--------+-----+--------+
         Total |    410 |    410 |      0 |    276 |      0 |   1 |  410.0 |
       Dungeon |    410 |    410 |      0 |    276 |      0 |   1 |  410.0 |
               +--------+--------+--------+--------+--------+-----+--------+

Top non-repeatable levels by time:
       D: 410 daAuts
